 Dungeon Crawl Stone Soup version 0.25-a0-737-g26c3a87c45 (webtiles) character file.

Game seed: 8925121515792058829, levelgen mode: deterministic

127 Lanoc the Cutter (level 5, -1/35 HPs)
             Began as a Halfling Gladiator on Apr 13, 2020.
             Slain by a phantom (4 damage)
             ... on level 4 of the Dungeon.
             The game lasted 00:03:40 (2096 turns).

Lanoc the Cutter (Halfling Gladiator)               Turns: 2096, Time: 00:03:41

Health: -1/35      AC:  4    Str: 15    XL:     5   Next: 33%
Magic:  5/5        EV: 16    Int:  6    God:
Gold:   196        SH:  0    Dex: 17    Spells: 4/4 levels left

rFire    . . .     SeeInvis .   u - +2 dagger (venom)
rCold    . . .     Gourm    .   (shield restricted)
rNeg     . . .     Faith    .   b - +0 leather armour
rPois    .         Spirit   .   c - +0 helmet
rElec    .         Reflect  .   (no cloak)
rCorr    .         Harm     .   (no gloves)
MR       .....                  (no boots)
Stlth    +.........             (no amulet)
HPRegen  0.11/turn              (no ring)
MPRegen  0.09/turn              (no ring)

@: no status effects
A: small, mutation resistance 1
a: no special abilities


You were on level 4 of the Dungeon.
You were near starving.

You visited 1 branch of the dungeon, and saw 4 of its levels.

You collected 196 gold pieces.

Inventory:

Hand Weapons
 a - a +0 rapier
 u - a +2 dagger of venom (weapon)
Missiles
 d - 3 throwing nets (quivered)
 e - 81 stones
 i - 34 sling bullets
Armour
 b - a +0 leather armour (worn)
 c - a +0 helmet (worn)
Scrolls
 k - 7 scrolls of remove curse {unknown}
 l - a scroll of enchant armour {unknown}
 m - 6 scrolls of identify {unknown}
 n - a scroll of amnesia {unknown}
 r - a scroll of teleportation {unknown}
 s - 2 scrolls of fog {unknown}
 y - a scroll of noise {unknown}
 z - a scroll of fear {unknown}
Potions
 g - 4 potions of heal wounds {unknown}
 h - 5 potions of curing {unknown}
 j - a potion of cancellation {unknown}
 o - a potion of flight {unknown}
 p - a potion of mutation {unknown}
 q - a potion of haste {unknown}
 t - 3 potions of magic {unknown}
 v - a potion of might {unknown}
 w - a potion of invisibility {unknown}
 x - a potion of lignification {unknown}
Comestibles
 f - 5 rations


   Skills:
 + Level 2.7 Fighting
 * Level 5.5 Short Blades
 - Level 2.0 Throwing
 + Level 4.1 Dodging


You had 4 spell levels left.
You didn't know any spells.
Your spell library was empty.

Dungeon Overview and Level Annotations

Branches:
Dungeon (4/15)
 Temple: D:4-7

Altars:
Cheibriados
Dithmenos
Sif Muna


Innate Abilities, Weirdness & Mutations

You are small and have problems with some larger weapons.
You are somewhat resistant to further mutation.


Message History

The phantom is severely damaged.
The phantom misses you.
You hit the phantom.
The phantom is severely damaged.
You hit the phantom but do no damage.
The phantom is severely damaged.
The phantom blinks!
You hit the phantom.
The phantom is severely damaged.
The phantom hits you.
The phantom blinks!
You closely miss the phantom.
The phantom is severely damaged.
The phantom hits you!
* * * LOW HITPOINT WARNING * * *
You hit the phantom.
The phantom is almost destroyed.
You hit the phantom.
The phantom is almost destroyed.
The phantom hits you.
You die...

##+##
##...##
##..ยง..##
#.W@....#
########.#


You could see a phantom.

Vanquished Creatures
  4 adders (D:2)
  A worm (D:4)
  3 dart slugs
  2 leopard geckos
  4 orcs (D:3)
  2 ball pythons
  3 giant cockroaches (D:2)
  9 goblins
  8 hobgoblins
  4 jackals (D:1)
  2 quokkas
  7 bats
  6 frilled lizards
  7 kobolds
  8 rats
70 creatures vanquished.

Notes
Turn   | Place    | Note
-------+----------+-------------------------------------------
     0 | D:1      | Lanoc the Halfling Gladiator began the quest for the Orb.
     0 | D:1      | Reached XP level 1. HP: 14/14 MP: 1/1
   142 | D:1      | Reached XP level 2. HP: 19/19 MP: 2/2
   198 | D:1      | Reached skill level 4 in Short Blades
   238 | D:1      | Reached XP level 3. HP: 24/24 MP: 3/3
   655 | D:2      | Found a shimmering blue altar of Sif Muna.
   676 | D:2      | Reached XP level 4. HP: 30/30 MP: 4/4
   914 | D:2      | Reached skill level 5 in Short Blades
  1237 | D:3      | Reached XP level 5. HP: 35/35 MP: 5/5
  1303 | D:3      | Found a snail-covered altar of Cheibriados.
  1846 | D:3      | Found a shadowy altar of Dithmenos.
  2063 | D:4      | Noticed a phantom
  2096 | D:4      | Slain by a phantom

Levels and vault maps discovered:
D:1:      elethiomel_arrival_shortcut, layout_loops_cross
D:2:      minmay_general_purpose_star, layout_rooms, overflow_temple_1_default,
          interstate_on_off
D:3:      layout_loops_ring, cheibriados_altar_1, grunt_dithmenos_smoke
D:4:      cheibrodos_fertilizer, layout_loops_corners, bloody_trog,
          first_ration, gammafunk_ghost_smash, trog_three_pillars_becter

Skill      XL: |  1  2  3  4 |
---------------+-------------+-----
Short Blades   | 4 5 |  5.5
Fighting       | 2 |  2.7
Dodging        | 4 |  4.1
Throwing       | |  2.0

Action                   |  1- 3 |  4- 6 || total
-------------------------+-------+-------++-------
Melee: Rapier            |    60 |    90 ||   150
       Dagger            |       |    47 ||    47
 Stab: Sleeping          |       |     2 ||     2
  Eat: Chunk             |       |     2 ||     2
Armor: Leather armour    |    12 |    30 ||    42
Dodge: Dodged            |    49 |   101 ||   150

Table legend:
 A = Non-vault XP
 B = Vault XP
 C = Vault XP percentage of total XP
 D = Non-vault monster count
 E = Vault monster count
 F = Vault count percentage of total count
                 A         B        C        D         E       F
            +---------+---------+-------+---------+---------+-------
      Total |     148 |      34 |  18.7 |      65 |       5 |   7.1
            +---------+---------+-------+---------+---------+-------
        D:1 |      41 |       0 |   0.0 |      24 |       0 |   0.0
        D:2 |      61 |      34 |  35.8 |      20 |       5 |  20.0
        D:3 |      41 |       0 |   0.0 |      20 |       0 |   0.0
        D:4 |       5 |       0 |   0.0 |       1 |       0 |   0.0
            +---------+---------+-------+---------+---------+-------
